ITL
TOPEKA TORNADOS @ INDIANA HOUNDS
07/19/2026
 
TOP OF THE 1ST
Topeka Tornados batting - Pitching for Indiana Hounds : LHP Daniel Gregory
Pitching: LHP Daniel Gregory
Batting: SHB José González 0-0: Called Strike
0-1: Fly out, F8 (Line Drive, 8LS)
Batting: RHB Alberto Campos 0-0: SINGLE (Groundball, 56D)
Batting: RHB Bob Hall 0-0: Called Strike
0-1: Foul Ball, location: 2F
0-2: Ball
1-2: Foul Ball, location: 2F
1-2: Ball
2-2: Ball
3-2: Strikes out swinging
Batting: RHB Joe Edwards 0-0: Ball
1-0: Ball
2-0: Called Strike
2-1: Called Strike
2-2: Strikes out swinging
Top of the 1st over - 0 run(s), 1 hit(s), 0 error(s), 1 left on base; Topeka 0 - Indiana 0
BOTTOM OF THE 1ST
Indiana Hounds batting - Pitching for Topeka Tornados : LHP Anthony Erickson
Pitching: LHP Anthony Erickson
Batting: RHB Octávio Marín 0-0: Foul Ball, location: 2F
0-1: Called Strike
0-2: Ball
1-2: Fly out, F8 (Flyball, 8RD)
Batting: RHB Carlos Moya 0-0: Ground out 6-3 (Groundball, 6)
Batting: RHB Víctor Chávez 0-0: Called Strike
0-1: SINGLE (Line Drive, 4M)
Batting: LHB Dave Helásquez 0-0: Called Strike
0-1: Fly out, F9 (Line Drive, 9S)
Bottom of the 1st over - 0 run(s), 1 hit(s), 0 error(s), 1 left on base; Topeka 0 - Indiana 0
TOP OF THE 2ND
Topeka Tornados batting - Pitching for Indiana Hounds : LHP Daniel Gregory
Batting: SHB Martín Medina 0-0: Called Strike
0-1: Swinging Strike
0-2: SOLO HOME RUN (Flyball, 7LD), Distance : 318 ft
Batting: LHB Morgan Wright 0-0: SINGLE (Groundball, 34D)
Batting: LHB Raúl Guerra 0-0: Grounds into double play, 4-6-3 (Groundball, 4)
Batting: RHB Armando Méndez 0-0: Ball
1-0: Ball
2-0: Ball
3-0: Base on Balls
Batting: LHB Ramón Pérez 0-0: Ball
1-0: Called Strike
1-1: Called Strike
1-2: Ball
2-2: Ball
3-2: Base on Balls
Armando Méndez to second
Batting: SHB José González 0-0: Called Strike
0-1: Foul Ball, location: 2F
0-2: Strikes out swinging
Top of the 2nd over - 1 run(s), 2 hit(s), 0 error(s), 2 left on base; Topeka 1 - Indiana 0
BOTTOM OF THE 2ND
Indiana Hounds batting - Pitching for Topeka Tornados : LHP Anthony Erickson
Batting: RHB Shawn Marshall 0-0: Ball
1-0: Ball
2-0: Ball
3-0: Base on Balls
Batting: RHB Paco Castillo 0-0: Called Strike
0-1: SINGLE (Groundball, 34D)
Shawn Marshall to second
Runner from 2nd tries for 3rd, OUT!
Paco Castillo to second
Batting: RHB Danny Walker 0-0: Ball
1-0: Called Strike
1-1: Called Strike
1-2: Ball
2-2: Ball
3-2: Fly out, F9 (Flyball, 9S)
Batting: RHB António Venecia 0-0: Ball
1-0: Ball
2-0: Ball
3-0: Base on Balls
Batting: LHB Clint Parkinson 0-0: Ball
1-0: Called Strike
1-1: Foul Ball, location: 2F
1-2: Strikes out swinging
Bottom of the 2nd over - 0 run(s), 1 hit(s), 0 error(s), 2 left on base; Topeka 1 - Indiana 0
TOP OF THE 3RD
Topeka Tornados batting - Pitching for Indiana Hounds : LHP Daniel Gregory
Batting: RHB Alberto Campos 0-0: Ball
1-0: Swinging Strike
1-1: Ball
2-1: Foul Ball, location: 2F
2-2: Strikes out looking
Batting: RHB Bob Hall 0-0: Called Strike
0-1: Called Strike
0-2: Ball
1-2: Strikes out swinging
Batting: RHB Joe Edwards 0-0: Called Strike
0-1: Ball
1-1: Swinging Strike
1-2: Ball
2-2: Strikes out swinging
Top of the 3rd over - 0 run(s), 0 hit(s), 0 error(s), 0 left on base; Topeka 1 - Indiana 0
BOTTOM OF THE 3RD
Indiana Hounds batting - Pitching for Topeka Tornados : LHP Anthony Erickson
Batting: RHB Octávio Marín 0-0: SINGLE (Line Drive, 6MD)
Batting: RHB Carlos Moya 0-0: 2-RUN HOME RUN (Flyball, 7D), Distance : 363 ft
Batting: RHB Víctor Chávez 0-0: Ball
1-0: Ball
2-0: Called Strike
2-1: Ball
3-1: Called Strike
3-2: SINGLE (Groundball, 56)
Batting: LHB Dave Helásquez 0-0: Ball
1-0: Foul Ball, location: 2F
1-1: Ball
2-1: Called Strike
2-2: Ball
3-2: SINGLE (Line Drive, 9LS)
Víctor Chávez to second
Runner from 2nd tries for 3rd, SAFE, no throw or cutoff
Batting: RHB Shawn Marshall 0-0: Ball
1-0: Fly out, F9 (Flyball, 9M)
Runner from 3rd tags up, SCORES, no throw
Batting: RHB Paco Castillo 0-0: TRIPLE (Flyball, 7LS)
Dave Helásquez scores
Batting: RHB Danny Walker 0-0: Called Strike
0-1: Called Strike
0-2: Foul Ball, location: 2F
0-2: Strikes out swinging
Batting: RHB António Venecia 0-0: Called Strike
0-1: Called Strike
0-2: Strikes out swinging
Bottom of the 3rd over - 4 run(s), 5 hit(s), 0 error(s), 1 left on base; Topeka 1 - Indiana 4
TOP OF THE 4TH
Topeka Tornados batting - Pitching for Indiana Hounds : LHP Daniel Gregory
Batting: SHB Martín Medina 0-0: Called Strike
0-1: Fly out, F4 (Popup, 4D)
Batting: LHB Morgan Wright 0-0: Ball
1-0: Foul Ball, location: 2F
1-1: Ball
2-1: Foul Ball, location: 2F
2-2: Foul Ball, location: 2F
2-2: Ball
3-2: Ground out 4-3 (Groundball, 4)
Batting: LHB Raúl Guerra 0-0: Ball
1-0: Ball
2-0: Foul Ball, location: 2F
2-1: Swinging Strike
2-2: Strikes out swinging
Top of the 4th over - 0 run(s), 0 hit(s), 0 error(s), 0 left on base; Topeka 1 - Indiana 4
BOTTOM OF THE 4TH
Indiana Hounds batting - Pitching for Topeka Tornados : LHP Anthony Erickson
Batting: LHB Clint Parkinson 0-0: Foul Ball, location: 2F
0-1: Ground out 6-3 (Groundball, 6)
Batting: RHB Octávio Marín 0-0: Fly out, F8 (Popup, 4MD)
Batting: RHB Carlos Moya 0-0: Ball
1-0: Ball
2-0: Ball
3-0: Called Strike
3-1: Base on Balls
Batting: RHB Víctor Chávez 0-0: Called Strike
0-1: Ball
1-1: Ball
2-1: Fly out, F9 (Flyball, 9LM)
Bottom of the 4th over - 0 run(s), 0 hit(s), 0 error(s), 1 left on base; Topeka 1 - Indiana 4
TOP OF THE 5TH
Topeka Tornados batting - Pitching for Indiana Hounds : LHP Daniel Gregory
Batting: RHB Armando Méndez 0-0: Foul Ball, location: 2F
0-1: Swinging Strike
0-2: Fly out, F8 (Flyball, 8RM)
Batting: LHB Ramón Pérez 0-0: Ball
1-0: Swinging Strike
1-1: Bunt for hit - play at first, batter OUT! 1-3
Batting: SHB José González 0-0: Ball
1-0: Ball
2-0: Called Strike
2-1: Swinging Strike
2-2: Ball
3-2: Base on Balls
Batting: RHB Alberto Campos 0-0: Ball
1-0: Ball
2-0: Ball
3-0: Fielders Choice at 2nd, 6-4 (Groundball, 6)
Top of the 5th over - 0 run(s), 0 hit(s), 0 error(s), 0 left on base; Topeka 1 - Indiana 4
BOTTOM OF THE 5TH
Indiana Hounds batting - Pitching for Topeka Tornados : LHP Anthony Erickson
Batting: LHB Dave Helásquez 0-0: Called Strike
0-1: Called Strike
0-2: Ball
1-2: Foul Ball, location: 2F
1-2: Ball
2-2: Foul Ball, location: 2F
2-2: Fly out, F7 (Popup, 7LS)
Batting: RHB Shawn Marshall 0-0: Ground out 4-3 (Groundball, 34)
Batting: RHB Paco Castillo 0-0: Foul Ball, location: 2F
0-1: Ball
1-1: Hit by Pitch
Batting: RHB Danny Walker 0-0: Foul Ball, location: 2F
0-1: Called Strike
0-2: Ball
1-2: Foul Ball, location: 2F
1-2: Fielders Choice at 2nd, 6-4 (Groundball, 6)
Bottom of the 5th over - 0 run(s), 0 hit(s), 0 error(s), 0 left on base; Topeka 1 - Indiana 4
TOP OF THE 6TH
Topeka Tornados batting - Pitching for Indiana Hounds : LHP Daniel Gregory
Batting: RHB Bob Hall 0-0: Ball
1-0: Ball
2-0: Called Strike
2-1: Foul Ball, location: 2F
2-2: Foul Ball, location: 2F
2-2: Foul Ball, location: 2F
2-2: Ball
3-2: Foul Ball, location: 2F
3-2: Foul Ball, location: 2F
3-2: Foul Ball, location: 2F
3-2: Strikes out looking
Batting: RHB Joe Edwards 0-0: Called Strike
0-1: Ball
1-1: Fly out, F8 (Flyball, 89XD)
Batting: SHB Martín Medina 0-0: Ball
1-0: Foul Ball, location: 2F
1-1: Called Strike
1-2: Strikes out swinging
Top of the 6th over - 0 run(s), 0 hit(s), 0 error(s), 0 left on base; Topeka 1 - Indiana 4
BOTTOM OF THE 6TH
Indiana Hounds batting - Pitching for Topeka Tornados : LHP Anthony Erickson
Batting: RHB António Venecia 0-0: Called Strike
0-1: Ball
1-1: Foul Ball, location: 2F
1-2: Ball
2-2: Strikes out swinging
Batting: LHB Clint Parkinson 0-0: Called Strike
0-1: Foul Ball, location: 2F
0-2: DOUBLE (Groundball, 3D)
Pitching: RHP Masamichi Samurakami
Batting: RHB Octávio Marín 0-0: Ball
1-0: Ball
2-0: Ball
3-0: Called Strike
3-1: Fly out, F9 (Flyball, 9LMF)
Batting: RHB Carlos Moya 0-0: Ball
1-0: Called Strike
1-1: Called Strike
1-2: Ball
2-2: Foul Ball, location: 2F
2-2: Strikes out looking
Bottom of the 6th over - 0 run(s), 1 hit(s), 0 error(s), 1 left on base; Topeka 1 - Indiana 4
TOP OF THE 7TH
Topeka Tornados batting - Pitching for Indiana Hounds : LHP Daniel Gregory
Pitching: LHP Keith Hill
Batting: LHB Morgan Wright 0-0: Ball
1-0: Ball
2-0: Foul Ball, location: 2F
2-1: Foul Ball, location: 2F
2-2: Ground out U3 (Groundball, 3S)
Batting: LHB Raúl Guerra 0-0: Called Strike
0-1: Called Strike
0-2: Ball
1-2: Ball
2-2: Ball
3-2: Ground out 6-3 (Groundball, 6)
Batting: RHB Armando Méndez 0-0: Ball
1-0: Ground out 6-3 (Groundball, 6M)
Top of the 7th over - 0 run(s), 0 hit(s), 0 error(s), 0 left on base; Topeka 1 - Indiana 4
BOTTOM OF THE 7TH
Indiana Hounds batting - Pitching for Topeka Tornados : RHP Masamichi Samurakami
Batting: RHB Víctor Chávez 0-0: Called Strike
0-1: Called Strike
0-2: Ball
1-2: Strikes out swinging
Batting: LHB Dave Helásquez 0-0: Ball
1-0: Called Strike
1-1: Ball
2-1: Foul Ball, location: 2F
2-2: Ball
3-2: SOLO HOME RUN (Line Drive, 89XD), Distance : 400 ft
Batting: RHB Shawn Marshall 0-0: Ball
1-0: Ball
2-0: Ball
3-0: Called Strike
3-1: Ground out U3 (Groundball, 3S)
Batting: RHB Paco Castillo 0-0: Swinging Strike
0-1: Ball
1-1: Fly out, F7 (Flyball, 78D)
Bottom of the 7th over - 1 run(s), 1 hit(s), 0 error(s), 0 left on base; Topeka 1 - Indiana 5
TOP OF THE 8TH
Topeka Tornados batting - Pitching for Indiana Hounds : LHP Keith Hill
Batting: LHB Ramón Pérez 0-0: Ground out 4-3 (Groundball, 4)
Batting: SHB José González 0-0: Ball
1-0: Called Strike
1-1: Ground out 3-1 (Groundball, 34)
Batting: RHB Alberto Campos 0-0: Called Strike
0-1: Ground out 6-3 (Groundball, 6)
Top of the 8th over - 0 run(s), 0 hit(s), 0 error(s), 0 left on base; Topeka 1 - Indiana 5
BOTTOM OF THE 8TH
Indiana Hounds batting - Pitching for Topeka Tornados : RHP Masamichi Samurakami
Batting: RHB Danny Walker 0-0: Ball
1-0: Foul Ball, location: 2F
1-1: Ball
2-1: Foul Ball, location: 2F
2-2: Ground out 5-3 (Groundball, 5)
Pitching: RHP Larry Jones
Batting: RHB António Venecia 0-0: Ball
1-0: SINGLE (Groundball, 56D)
Batting: LHB Clint Parkinson 0-0: Ball
1-0: Foul Ball, location: 2F
1-1: DOUBLE (Groundball, 3L)
António Venecia to third
Batting: RHB Octávio Marín 0-0: Ball
1-0: Foul Ball, location: 2F
1-1: Foul Ball, location: 2F
1-2: Foul Ball, location: 2F
1-2: Ball
2-2: SINGLE (Line Drive, 7S)
António Venecia scores
Clint Parkinson to third
Batting: RHB Carlos Moya 0-0: Called Strike
0-1: Foul Ball, location: 2F
0-2: Ball
1-2: Fly out, F9 (Flyball, 89M)
Runner from 3rd tags up, SCORES, throw made
Batting: RHB Víctor Chávez 0-0: Called Strike
0-1: SINGLE (Line Drive, 8LS)
Octávio Marín to second
Batting: LHB Dave Helásquez 0-0: Foul Ball, location: 2F
0-1: Ball
1-1: Ball
2-1: Ball
3-1: Foul Ball, location: 2F
3-2: Ground out 4-3 (Groundball, 4)
Bottom of the 8th over - 2 run(s), 4 hit(s), 0 error(s), 2 left on base; Topeka 1 - Indiana 7
TOP OF THE 9TH
Topeka Tornados batting - Pitching for Indiana Hounds : LHP Keith Hill
Batting: RHB Bob Hall 0-0: Called Strike
0-1: Ball
1-1: Ground out 4-3 (Groundball, 34)
Batting: RHB Joe Edwards 0-0: Called Strike
0-1: Ball
1-1: Ball
2-1: Swinging Strike
2-2: Foul Ball, location: 2F
2-2: Foul Ball, location: 2F
2-2: Strikes out looking
Batting: SHB Martín Medina 0-0: Ball
1-0: Foul Ball, location: 2F
1-1: Ball
2-1: Called Strike
2-2: Foul Ball, location: 2F
2-2: Fly out, F8 (Flyball, 8LD)
Top of the 9th over - 0 run(s), 0 hit(s), 0 error(s), 0 left on base; Topeka 1 - Indiana 7
Monday, December 5th, 2016 - OOTP Baseball 17.12 Build 75